 Dungeon Crawl Stone Soup version 0.27-a0-1513-g2aaa0cc67b (webtiles) character file.

Game seed: 8407648242285511354

98 bigjeff5 the Conjurer (level 4, -4/33 HPs)
             Began as a Demigod Conjurer on July 9, 2021.
             Slain by an ogre (22 damage)
             ... on level 5 of the Dungeon.
             The game lasted 01:00:17 (3606 turns).

bigjeff5 the Conjurer (Demigod Conjurer)            Turns: 3606, Time: 01:00:18

Health: -4/33      AC:  5    Str: 18    XL:     4   Next: 21%
Magic:  6/10       EV: 12    Int: 26    God:
Gold:   197        SH:  5    Dex: 12    Spells: 2/8 levels left

rFire    . . .     SeeInvis .   s - +3 mace
rCold    . . .     Faith    .   (no shield)
rNeg     . . .     Spirit   .   r - +1 leather armour {rPois}
rPois    +         Reflect  +   (no helmet)
rElec    .         Harm     .   (no cloak)
rCorr    .         Rampage  .   t - +0 pair of gloves
Will     .....                  (no boots)
Stlth    ++........             q - amulet of reflection
HPRegen  0.11/turn              p - +6 ring of intelligence
MPRegen  0.12/turn              v - +6 ring of strength

@: no status effects
A: high mp 1, forlorn
a: no special abilities


You were on level 5 of the Dungeon.
You visited 1 branch of the dungeon, and saw 5 of its levels.

You collected 197 gold pieces.

Inventory:

Hand Weapons
 s - a +3 mace (weapon)
Missiles
 e - 62 arrows
 h - 3 boomerangs
 k - a throwing net
Armour
 r - a +1 leather armour of poison resistance (worn)
 t - a +0 pair of gloves (worn)
Jewellery
 p - a +6 ring of intelligence (left hand)
 q - an amulet of reflection (around neck)
 v - a +6 ring of strength (right hand)
Scrolls
 a - a scroll of noise {unknown}
 c - a scroll of enchant weapon {unknown}
 j - 2 scrolls of amnesia {unknown}
 l - a scroll of enchant armour {unknown}
 m - a scroll of magic mapping {unknown}
Potions
 f - a potion of might
 n - a potion of curing
 o - a potion of lignification
 u - a potion of magic {unknown}


   Skills:
 - Level 0.2 Maces & Flails
 + Level 2.4 Dodging
 - Level 2.0 Stealth
 * Level 2.5 Spellcasting
 - Level 4.2 Conjurations
 * Level 1.3 Hexes


You had 2 spell levels left.
You knew the following spells:

 Your Spells              Type           Power      Damage    Failure   Level
a - Magic Dart            Conj           100%       1d8       1%          1
b - Searing Ray           Conj           50%        3d5       3%          2
c - Dazzling Flash        Conj/Hex       34%        N/A       12%         3

Your spell library contained the following spells:

 Spells                   Type           Power      Damage    Failure   Level
 Gell's Gravitas          Tloc           1%         N/A       34%         3
 Teleport Other           Tloc           3%         N/A       34%         3
 Fulminant Prism          Conj/Hex       8%         3d7       36%         4
 Iskenderun's Mystic Bla  Conj/Tloc      14%        2d5       45%         4
 Dispersal                Tloc           1%         N/A       100%        6


Dungeon Overview and Level Annotations

Branches:
Dungeon (5/15)
 Temple: D:4-7

Annotations:
D:4 Menkaure


Innate Abilities, Weirdness & Mutations

Your attributes grow dramatically as you level up.
You have an increased reservoir of magic. (+10% MP)
You shall have no god before yourself.


Message History

The magic dart hits Menkaure.
Menkaure is lightly damaged.
Aiming: Magic Dart (safe; 1% risk of failure)
Press: ? - help, Q - select action, (/) - cycle Shift-Dir - straight line, f/p - Menkaure
Aim: Menkaure (lightly damaged, fast, 100% to hit)
The magic dart hits Menkaure.
Menkaure is lightly damaged.
Aiming: Magic Dart (safe; 1% risk of failure)
Press: ? - help, Q - select action, (/) - cycle Shift-Dir - straight line, f/p - Menkaure
Aim: Menkaure (lightly damaged, fast, 100% to hit)
Okay, then.
You climb downwards.
Found 14 gold pieces and a scroll labelled PUAMOS YQYC.
There is a stone staircase leading up here.
Your magical contamination has completely faded away.
You now have 197 gold pieces (gained 14).
a - a scroll labelled PUAMOS YQYC You start resting.
Magic restored.
A quokka and an ogre come into view.
The ogre shouts!
A scorpion comes into view.
Aiming: Searing Ray (safe; 3% risk of failure)
Press: ? - help, Q - select action, (/) - cycle Shift-Dir - straight line, f - ogre
Aim: an ogre, wielding a +0 giant club (90% to hit)
The searing ray hits the quokka!
You kill the quokka!
The searing ray hits the ogre.
The ogre is moderately wounded. (Press . to maintain the ray.)
The searing ray hits the ogre.
The ogre is moderately wounded.
The searing ray hits the ogre!
The ogre is severely wounded.
Press: ? - help, v - describe, . - travel Some deep water.
The ogre hits you with a +0 giant club!
The ogre hits you with a +0 giant club!!
Ouch! That really hurt!
You die...

...............
................
....O...........
#...###..#
#...#≈≈≈≈≈
#†..≈≈≈≈≈≈
#..≈≈###≈ #..≈≈#
#.@≈≈#+#≈≈
#O.≈≈≈≈≈≈≈
##..≈≈≈≈≈≈≈
#.<.≈≈#+#≈≈
##..≈≈# ≈ ##.≈≈#
#.#≈≈≈ ..##≈≈≈≈
### #.##


You could see an ogre.

Vanquished Creatures
  3 adders
  2 worms
  4 dart slugs
  3 orcs
  3 endoplasms
  3 giant cockroaches
  3 goblins
  4 hobgoblins
  3 jackals
  2 quokkas
  5 ball pythons
  8 bats
  3 frilled lizards
  6 kobolds
  2 rats (D:1)
54 creatures vanquished.

Vanquished Creatures (others)
  2 plants (D:3)
2 creatures vanquished.

Grand Total: 56 creatures vanquished

Notes
Turn   | Place    | Note
-------+----------+-------------------------------------------
     0 | D:1      | bigjeff5 the Demigod Conjurer began the quest for the Orb.
     0 | D:1      | Reached XP level 1. HP: 14/14 MP: 5/5
   329 | D:1      | Reached XP level 2. HP: 20/20 MP: 0/7
   435 | D:1      | Reached skill level 4 in Conjurations
   456 | D:1      | Learned a level 2 spell: Searing Ray
   767 | D:1      | Upgraded the game from 0.27-a0-1502-g47ed6a6988 to
                  | 0.27-a0-1513-g2aaa0cc67b
  1465 | D:2      | Reached XP level 3. HP: 26/26 MP: 2/8
  2687 | D:3      | Learned a level 3 spell: Dazzling Flash
  2781 | D:3      | Reached skill level 1 in Hexes
  3082 | D:3      | Reached XP level 4. HP: 33/33 MP: 5/10
  3562 | D:4      | Noticed Menkaure
  3568 | D:5      | Entered Level 5 of the Dungeon
  3594 | D:5      | Noticed an ogre
  3606 | D:5      | Slain by an ogre

Illustrated notes

Levels and vault maps discovered:
D:1:      nzn_arrival_water_spiral, layout_basic
D:2:      layout_loops_corners, minmay_misc_feat_ornament,
          minmay_tree_intersection, roderic_filled_cross,
          kennysheep_generic_room_6
D:3:      layout_rooms, serial_bayou_ford_a
D:4:      layout_gridville, minmay_temple_entry_statues_fountains,
          gammafunk_ghost_nasty_kobolds, uniq_sigmund, uniq_menkaure,
          uniq_edmund
D:5:      layout_loops_cross, water_boxes_lemuel, uniq_crazy_yiuf_cottage

Skill      XL: |  1  2  3 |
---------------+----------+-----
Conjurations   | 4 |  4.2
Dodging        | 2 |  2.4
Stealth        | 2 |  2.0
Spellcasting   | 2 |  2.5
Hexes          | 1 |  1.3
Maces & Flails | |  0.2

Action                   |  1- 3 |  4- 6 || total
-------------------------+-------+-------++-------
Melee: Whip              |    15 |       ||    15
       Mace              |     1 |     8 ||     9
 Cast: Magic Dart        |    89 |    17 ||   106
       Searing Ray       |     6 |     1 ||     7
  Use: Scroll            |       |     3 ||     3
Armor: Robe              |     2 |       ||     2
       Leather armour    |     6 |       ||     6
Dodge: Dodged            |    17 |     3 ||    20
Block: Other             |     4 |       ||     4

Table legend: (Time is in decaauts)
 A = Elapsed time spent in this place.
 B = Non-inter-level travel time spent in this place.
 C = Inter-level travel time spent in this place.
 D = Time resting spent in this place.
 E = Time spent auto-exploring this place.
 F = Levels seen in this place.
 G = Mean time per level.
                   A        B        C        D        E       F      G
               +--------+--------+--------+--------+--------+-----+--------+
         Total |   3623 |   3526 |     97 |    944 |   1846 |   5 |  724.6 |
       Dungeon |   3623 |   3526 |     97 |    944 |   1846 |   5 |  724.6 |
               +--------+--------+--------+--------+--------+-----+--------+

Top non-repeatable levels by time:
     D:2: 1362 daAuts
     D:1: 1275 daAuts
     D:3: 705 daAuts
     D:4: 242 daAuts
     D:5: 37 daAuts
